 Dungeon Crawl Stone Soup version 0.17.2-1-ge4368a0 (webtiles) character file.

8664 rlgrobin the Cruncher (level 11, -1/65 HPs)
             Began as a Vine Stalker Gladiator on Apr 20, 2017.
             Slain by a quokka (4 damage)
             ... on level 3 of the Dungeon.
             The game lasted 00:11:13 (8317 turns).

rlgrobin the Cruncher (Vine Stalker Gladiator)      Turns: 8317, Time: 00:11:13

Health: -1/65      AC:  0    Str: 18    XL:     11   Next: 34%
Magic:  0/12       EV: 13    Int:  8    God:
Gold:   442        SH:  0    Dex: 18    Spells: 0 memorised, 10 levels left

rFire  . . .     SeeInvis .     (no weapon)
rCold  . . .     Clarity  .     (no armour)
rNeg   . . .     SustAt   .     (no shield)
rPois  .         Gourm    .     (no helmet)
rElec  .         Spirit   +     (no cloak)
rCorr  .         Warding  .     (no gloves)
rMut   .         Stasis   .     (no boots)
MR     +....                    (no amulet)
Stlth  ++........               (no ring)
                                (no ring)

@: somewhat resistant to hostile enchantments, unstealthy
A: fangs 3, regeneration 2, magic shield, antimagic bite, no device heal 3, rot
immunity
a: no special abilities


You were on level 3 of the Dungeon.
You were near starving.

You visited 2 branches of the dungeon, and saw 11 of its levels.

You collected 442 gold pieces.


Innate Abilities, Weirdness & Mutations

You have razor-sharp teeth.
You heal very quickly.
When hurt, damage is shared between your health and your magic reserves.
Your bite disrupts and absorbs the magic of your enemies.
Potions and wands cannot restore your health.
You are immune to rotting.


   Skills:
 - Level 11.1 Fighting
   Level 11.6 Staves
 - Level 1.7 Throwing
 - Level 2.4 Dodging
 + Level 0.0 Shields


You had 10 spell levels left.
You didn't know any spells.

Inventory:

Armour
 b - a +0 leather armour
 x - a +0 buckler
Jewellery
 v - an uncursed amulet of stasis {unknown}
 w - an uncursed ring of teleportation
Scrolls
 f - 7 scrolls of remove curse
 g - 2 scrolls of magic mapping {unknown}
 h - 6 scrolls of identify {@r1}
 i - 2 scrolls of teleportation {@r4}
 j - 2 scrolls of blinking
 k - 2 scrolls of enchant weapon {unknown}
 l - a scroll of random uselessness {unknown}
 m - 3 scrolls of fear {unknown}
 s - a scroll of holy word {unknown}
 t - 2 scrolls of fog {unknown}
 u - a scroll of recharging {unknown}
 y - a scroll of noise {unknown}
 A - a scroll of amnesia {unknown}
 B - a scroll of enchant armour {unknown}
Comestibles
 e - 4 bread rations
 n - 6 meat rations

Dungeon Overview and Level Annotations

Branches:
Dungeon (10/15)            Temple (1/1) D:7             Orc (0/4) D:10
   Lair: D:8-11

Altars:
Ashenzari
Cheibriados
Dithmenos
Elyvilon
Fedhas
Gozag
Kikubaaqudgha
Makhleb
Nemelex Xobeh
Okawaru
Qazlal
Ru
Sif Muna
Trog
Vehumet
Xom
Yredelemnul
Zin
The Shining One

Shops:
D:5 = D:7

* ▒.▒ ▒............▒ ▒..▒▒... ▒.▒
▒▒.▒▒▒▒.▒▒.▒▒.▒▒▒▒▒..▒▒...
▒.▒▒▒...▒▒▒.▒▒................
▒▒▒▒.▒▒.▒▒▒.▒▒.▒▒..▒▒▒▒▒▒...▒▒▒..
........▒ ▒....▒▒..▒▒▒▒▒.▒▒▒.▒▒.▒
▒▒.▒▒▒▒.▒▒▒.▒▒.▒▒.......(▒▒▒....▒
▒.▒▒▒▒▒...▒▒▒<..▒.▒▒▒▒▒.....▒▒▒▒
▒...▒ ▒▒....▒..r▒.▒ ▒.....▒ ▒
▒▒▒▒.▒▒ ▒▒▒▒.▒..f..▒ ▒.....▒ ▒
......▒ ▒.▒▒..▒▒▒ ▒.....▒ ▒
▒▒▒▒..▒ ▒.▒▒..▒ ▒▒...▒▒ ▒ ▒..▒
▒.▒▒..▒ ▒▒.▒▒ ▒ ▒..▒▒▒▒▒▒.▒▒..▒
▒.▒ ▒ ▒.........▒▒..▒ ▒.▒ ▒
▒.▒▒▒▒▒▒▒▒▒▒..▒▒▒▒▒ ▒.▒ ▒ ▒▒▒
▒▒▒....▒▒▒▒▒.▒▒ ▒
▒▒▒▒.▒.▒▒...▒▒▒▒▒


You could see a quokka.


Message History

The quokka bites you!
You now have 0/12 mp!
The quokka barely misses you! The quokka misses you!
The quokka bites you! * * * don't die
* * * The quokka barely misses you!
You take 1 damage, and have 13/65 hp!
The quokka closely misses you! The quokka closely misses you!
The quokka misses you! The quokka barely misses you!
The quokka bites you! * * * don't die
* * * You take 4 damage, and have 11/65 hp!
The quokka bites you! * * * don't die
* * * You take 5 damage, and have 6/65 hp!
The quokka bites you! The quokka bites you! * * * don't die
* * * You take 2 damage, and have 5/65 hp!
The quokka misses you! The quokka bites you! * * * don't die
* * * The quokka closely misses you!
The quokka barely misses you! The quokka bites you! * * * don't die
* * * You take 3 damage, and have 3/65 hp!
The quokka bites you! rip

Action                   |  1- 3 |  4- 6 |  7- 9 | 10-12 || total
-------------------------+-------+-------+-------+-------++-------
Melee: Quarterstaff      |   107 |    78 |   179 |   216 ||   580
Invok: Renounce Religion |       |       |     1 |       ||     1
  Use: Scroll            |       |       |     3 |       ||     3
 Stab: Confused          |       |     2 |     1 |       ||     3
       Sleeping          |       |     1 |     5 |     1 ||     7
       Petrifying        |       |       |     4 |       ||     4
       Petrified         |       |       |     1 |       ||     1
       Paralysed         |       |       |     4 |     2 ||     6
       Distracted        |       |       |       |     1 ||     1
  Eat: Bread ration      |     1 |     1 |     1 |       ||     3
       Meat ration       |       |       |     1 |     1 ||     2

Vault maps used:
D:1:      dpeg_arrival_windows_large_door
D:2:      grunt_temple_overflow_cloverleaf, first_bread,
          nemelex_lonely_heart_becter
D:3:      grunt_temple_overflow_open, uniq_crazy_yiuf_cottage
D:4:      nicolae_ru_sacrificial_ziggurat
D:5:      serial_shops, shop, minivault_4, uniq_pikel, uniq_blork_the_orc
D:6:      portal_sewer_entry_d, nicolae_gozag_seed_capital
D:7:      minmay_temple_entry_junction2, serial_shops, kennysheep_little_box,
          grunt_livestock, uniq_menkaure
D:9:      minmay_opposing_rooms
D:10:     orc_0_dummy, spider_trap, hangedman_decor_clover_reticule
Temple:   triangle_lava_temple_11

Notes
Turn   | Place    | Note
--------------------------------------------------------------
     0 | D:1      | rlgrobin the Vine Stalker Gladiator began the quest for the Orb.
     0 | D:1      | Reached XP level 1. HP: 11/11 MP: 2/2
   121 | D:1      | Reached skill level 3 in Staves
   217 | D:1      | Reached XP level 2. HP: 15/15 MP: 3/3
  1087 | D:2      | Reached XP level 3. HP: 18/18 MP: 4/4
  1196 | D:2      | Found a sparkling altar of Nemelex Xobeh.
  1289 | D:2      | Reached skill level 4 in Staves
  1407 | D:2      | Found a deep blue altar of Sif Muna.
  1412 | D:2      | Found an opulent altar of Gozag.
  1420 | D:2      | Found an iron altar of Okawaru.
  1441 | D:2      | Found a shattered altar of Ashenzari.
  1737 | D:3      | Reached XP level 4. HP: 17/23 MP: 5/5
  2004 | D:3      | Noticed Crazy Yiuf
  2013 | D:3      | Killed Crazy Yiuf
  2190 | D:3      | Found an ancient bone altar of Kikubaaqudgha.
  2190 | D:3      | Found a glowing golden altar of the Shining One.
  2191 | D:3      | Found a shadowy altar of Dithmenos.
  2466 | D:4      | Reached skill level 5 in Staves
  2466 | D:4      | Reached XP level 5. HP: 26/26 MP: 6/6
  2609 | D:4      | Found a sacrificial altar of Ru.
  3112 | D:5      | Entered Level 5 of the Dungeon
  3222 | D:5      | Noticed a slave
  3223 | D:5      | Noticed a slave
  3224 | D:5      | Noticed a slave
  3225 | D:5      | Noticed Pikel
  3227 | D:5      | Noticed a slave
  3228 | D:5      | Killed a slave
  3247 | D:5      | Killed Pikel
  3247 | D:5      | Reached skill level 7 in Staves
  3247 | D:5      | Gained mutation: You heal very quickly. [Vine Stalker growth]
  3247 | D:5      | Reached XP level 6. HP: 13/30 MP: 2/7
  3247 | D:5      | Reached XP level 7. HP: 14/34 MP: 2/8
  3442 | D:5      | Noticed Blork the orc
  3449 | D:5      | Killed Blork the orc
  3449 | D:5      | Reached skill level 8 in Staves
  3472 | D:5      | Killed a freed slave
  3531 | D:5      | Found Yfiteutu's Jewellery Boutique.
  3582 | D:5      | Noticed a sky beast
  3947 | D:6      | Gained mutation: You have razor-sharp teeth. [Vine Stalker growth]
  3947 | D:6      | Reached XP level 8. HP: 38/38 MP: 9/9
  4055 | D:6      | Found an opulent altar of Gozag.
  4471 | D:6      | Found a glowing drain.
  4497 | D:6      | Reached skill level 9 in Staves
  4710 | D:7      | Found a staircase to the Ecumenical Temple.
  4758 | Temple   | Entered the Ecumenical Temple
  4990 | Temple   | Became a worshipper of Elyvilon the Healer
  5008 | D:7      | Fell from the grace of Elyvilon
  5034 | D:7      | Noticed Menkaure
  5041 | D:7      | Killed Menkaure
  5041 | D:7      | Reached skill level 10 in Staves
  5248 | D:7      | Reached XP level 9. HP: 17/42 MP: 7/10
  5377 | D:7      | Found Goberauvi's General Store.
  5477 | D:8      | Reached skill level 11 in Staves
  5620 | D:8      | Reached skill level 2 in Fighting
  5791 | D:8      | Reached skill level 3 in Fighting
  5868 | D:8      | Reached skill level 4 in Fighting
  6080 | D:9      | Reached skill level 5 in Fighting
  6135 | D:8      | Reached skill level 6 in Fighting
  6219 | D:8      | Reached XP level 10. HP: 51/53 MP: 11/11
  6230 | D:8      | Reached skill level 7 in Fighting
  6428 | D:9      | Reached skill level 8 in Fighting
  6593 | D:9      | Noticed a cyclops
  6606 | D:9      | Killed a cyclops
  6606 | D:9      | Reached skill level 9 in Fighting
  6813 | D:10     | Entered Level 10 of the Dungeon
  6906 | D:10     | Reached skill level 10 in Fighting
  6924 | D:10     | Reached XP level 11. HP: 20/64 MP: 12/12
  7073 | D:10     | Reached skill level 11 in Fighting
  7286 | D:10     | Found a staircase to the Orcish Mines.
  7560 | D:10     | Killed an unseen horror
  7823 | D:5      | Killed a sky beast
  8310 | D:3      | HP: 6/65 [quokka (5)]
  8316 | D:3      | HP: 3/65 [quokka (4)]
  8317 | D:3      | Slain by a quokka

Vanquished Creatures
  An unseen horror (D:10)
  Pikel (D:5)
  A cyclops (D:9)
  A troll (D:10)
  11 yaks
  2 hungry ghosts (D:8)
  A human (D:7)
  A steam dragon (D:10)
  Menkaure (D:7)
  A water moccasin (D:10)
  2 hippogriffs
  4 sky beasts
  An ice beast (D:9)
  A slave (D:5)
  A wasp (D:10)
  8 spiders (D:10)
  2 phantoms
  5 centaurs
  A crocodile (D:8)
  6 ogres
  6 giant frogs
  Blork the orc (D:5)
  2 wyvern skeletons (D:9)
  7 scorpions
  5 killer bees (D:10)
  A jelly (D:10)
  A crimson imp (D:5)
  2 giant frog skeletons
  Crazy Yiuf (D:3)
  3 iguanas
  2 gnoll shamans
  5 hounds
  4 worker ants
  An orc wizard (D:10)
  3 sheep (D:7)
  A worker ant zombie (D:10)
  9 adders
  8 gnolls
  3 shadow imps
  An ooze (D:2)
  2 worms
  5 giant geckos
  12 orcs
  A ball python (D:6)
  A giant cockroach (D:2)
  10 goblins
  6 hobgoblins
  10 jackals
  A ball python skeleton (D:5)
  4 bats
  A giant gecko skeleton (D:4)
  2 giant newts (D:2)
  A jackal skeleton (D:7)
  6 kobolds
  4 quokkas
  3 quokka skeletons
  A quokka zombie (D:8)
  5 rats
193 creatures vanquished.

Vanquished Creatures (others)
  A slave (D:5)
1 creature vanquished.

Grand Total: 194 creatures vanquished
